 Dungeon Crawl Stone Soup version 0.25-a0-576-g50b708a4c4 (webtiles) character file.

Game seed: 14976977284070457337, levelgen mode: deterministic

385597 Flugslaktarn the Warrior (level 21, -2/219 HPs)
             Began as a Deep Dwarf Fighter on Mar 2, 2020.
             Was the Champion of Makhleb.
             Slain by a golden dragon (8 damage)
             ... on level 4 of the Realm of Zot.
             The game lasted 00:21:56 (20829 turns).

Flugslaktarn the Warrior (Deep Dwarf Fighter)      Turns: 20829, Time: 00:21:57

Health: -2/219     AC: 43    Str: 27    XL:     21   Next: 64%
Magic:  1/1        EV:  5    Int: 11    God:    Makhleb [******]
Gold:   1222       SH: 24    Dex: 10    Spells: 20/20 levels left

rFire    + . .     SeeInvis +   P - +8 broad axe (vorpal)
rCold    + . .     Gourm    .   K - +1 tower shield {AC+3}
rNeg     + . .     Faith    .   Z - +3 crystal plate armour
rPois    +         Spirit   .   a - +2 helmet {SInv}
rElec    .         Reflect  .   X - scarf {repulsion}
rCorr    .         Harm     .   M - +2 pair of gloves {Str+3}
MR       +++..     Rnd*Rage +   b - +2 pair of boots of Batufeg {Regen+ Dex+3}
Stlth    ..........             N - amulet "Jifi" {RegenMP rC+ Dex-5 Stlth+}
HPRegen  0.00/turn              c - ring of protection from cold
MPRegen  0.32/turn              p - ring of fire

@: berserk cooldown, non-regenerating, studying Evocations, repel missiles
A: damage resistance, heal wounds, berserk 1, blink, negative energy resistance
1, sense surroundings 3, poison resistance, weak 2, no potion heal 1, no
regeneration
}: 3/15 runes: serpentine, barnacled, silver
a: Heal Wounds, Blink, Minor Destruction, Lesser Servant of Makhleb, Major
Destruction, Greater Servant of Makhleb, Renounce Religion


You were on level 4 of the Realm of Zot.
You worshipped Makhleb.
Makhleb was exalted by your worship.
You were not hungry.

You visited 7 branches of the dungeon, and saw 40 of its levels.
You visited the Abyss 1 time.
You also visited: Gauntlet and Volcano.

You collected 1846 gold pieces.
You spent 624 gold pieces at shops.

Inventory:

Hand Weapons
 A - a +5 hand axe of draining
   (You took it off a wight on level 8 of the Dungeon)
 P - a +8 vorpal broad axe (weapon)
   (You acquired it on level 3 of the Lair of Beasts)
Missiles
 D - 7 throwing nets (quivered)
Armour
 a - a +2 helmet of see invisible (worn)
   (You found it on level 4 of the Shoals)
 b - the +2 pair of boots of Batufeg (worn) {Regen+ Dex+3}
   (You found it on level 15 of the Dungeon)

   It affects your dexterity (+3).
   It increases your rate of regeneration.
   If you remove this armour, your AC will decrease by 4 (43 -> 39).
 K - a +1 tower shield of protection (worn)
   (You took it off a minotaur in a Gauntlet)
 M - a +2 pair of gloves of strength (worn)
   (You found it in a Gauntlet)
 R - a +0 kite shield
 X - a scarf of repulsion (worn)
   (You found it on level 5 of the Vaults)
 Z - a +3 crystal plate armour (worn)
   (You found it on level 5 of the Vaults)
Jewellery
 c - a ring of protection from cold (left hand)
   (You found it on level 2 of the Lair of Beasts)
 i - an uncursed ring of see invisible
   (You found it on level 14 of the Dungeon)
 k - an uncursed ring of resist corrosion
   (You found it on level 2 of the Depths)
 p - a ring of fire (right hand)
   (You found it in a Gauntlet)
 H - the ring of Agoutitwi {+Inv rC- Str+2 Slay+2 Stlth-}
   (You found it in a Gauntlet)

   [ring of attention]

   It affects your strength (+2).
   It affects your accuracy and damage with ranged weapons and melee attacks
   (+2).
   It makes you vulnerable to cold.
   It lets you turn invisible.
   It makes you less stealthy.
 N - the amulet "Jifi" (around neck) {RegenMP rC+ Dex-5 Stlth+}
   (You found it on level 1 of the Lair of Beasts)

   [amulet of magic regeneration]

   It increases your magic regeneration.
   It affects your dexterity (-5).
   It protects you from cold.
   It makes you more stealthy.
Wands
 n - a wand of iceblast (43)
   (You found it on level 8 of the Dungeon)
 s - a wand of acid (8)
   (You found it on level 6 of the Dungeon)
 v - a wand of digging (7)
   (You found it on level 6 of the Dungeon)
 L - a wand of clouds (11)
   (You found it in a Gauntlet)
 S - a wand of enslavement (22)
   (You found it on level 4 of the Lair of Beasts)
Scrolls
 r - 6 scrolls of identify
 t - 7 scrolls of teleportation
 u - a scroll of summoning
 x - 12 scrolls of remove curse
 y - a scroll of fear
 z - 3 scrolls of blinking
 B - 5 scrolls of immolation
 C - 10 scrolls of magic mapping
 I - 3 scrolls of torment
 T - a scroll of fog
 V - 3 scrolls of vulnerability
 W - 2 scrolls of silence
Potions
 g - 2 potions of stabbing
 h - a potion of haste
 j - 2 potions of magic
 l - 8 potions of lignification
 m - 3 potions of cancellation
 o - 8 potions of flight
 q - a potion of curing
 w - 2 potions of heal wounds
 E - a potion of berserk rage
 F - 2 potions of invisibility
 J - 2 potions of ambrosia
 Q - 2 potions of mutation
Books
 G - a manual of Evocations
   (You acquired it on level 5 of the Depths)
Miscellaneous
 O - a lamp of fire
   (You found it on level 14 of the Dungeon)
Comestibles
 d - 4 chunks of flesh
 e - 42 rations


   Skills:
 * Level 20.2 Fighting
 - Level 18.0 Axes
 + Level 19.0 Armour
 + Level 19.0 Shields
 - Level 15.0 Invocations
 - Level 5.0 Evocations


You had 20 spell levels left.
You didn't know any spells.
Your spell library was empty.

Dungeon Overview and Level Annotations

Branches:
Dungeon (15/15)            Temple (0/1) D:5            Lair (4/6) D:9
 Shoals (4/4) Lair:4        Snake (4/4) Lair:4          Orc (0/2) D:9
 Vaults (5/5) D:14         Depths (5/5) D:15            Zot (2/5) Depths:5
Volcano (visited)         Gauntlet (visited)
  Crypt: Vaults:2-3

Altars:
Cheibriados
Dithmenos
Fedhas
Kikubaaqudgha
Makhleb
Nemelex Xobeh
Okawaru
Ru
Sif Muna
Trog
Uskayaw
Wu Jian
Yredelemnul

Shops:
D:4 *   D:5 ?(   D:13 !   Shoals:1 *   Depths:1 ?*

Portals:
Hell: Depths:4
Pandemonium: Depths:5

Annotations:
D:8 1 exclusion
Lair:3 exclusion: oklob plant
Depths:4 2 transporters, Roveq's ghost, journeyman SpBe
Zot:2 exclusions: lightning spire and oklob plant


Innate Abilities, Weirdness & Mutations

You are resistant to damage.
You can heal yourself by infusing magical energy.
You resist negative energy. (rN+)
You passively map a large area around you.
You do not regenerate.
You tend to lose your temper in combat.
You can translocate small distances at will.
Your system is resistant to poisons. (rPois)
You are very weak. (Str -4)
Potions are less effective at restoring your health.


Message History

You feel much better.
You block the golden dragon's attack. x2
The golden dragon tramples you but does no damage.
You block the golden dragon's attack. x2
The golden dragon tramples you but does no damage.
A yellow draconian comes into view. It is wielding a +0 halberd.
Okay, then.
Your magical effects are unravelling.
You feel magically purged.
You feel yourself speed up.
You block the golden dragon's attack. x2
The golden dragon tramples you but does no damage.
The golden dragon bites you!!!
* * * LOW HITPOINT WARNING * * *
The golden dragon claws you but does no damage.
The golden dragon tramples you!!
* * * LOW HITPOINT WARNING * * *
You stumble backwards!
The yellow draconian stormcaller utters an invocation to Qazlal.
The golden dragon bites you!
You die...

... . ... # ,, ,, , *
...#.#....*######## , , ,
....#....###......## , ,, , *
.#.....#..##.......##*,
#.#.#...#.##........##
.#........##.....)...## ,* ≈,
......#..D##..........#** ,
...#.yD...dd.q........#
#,#.*DdD.###....@...(.####
...#..#...##..qD......#..## ,
* .......#...+...y........###
+ ,
.#...q.....#..k........######*
..#.#...####..........########
,, .#.......
...........#######.# ,
.........!..#+######..#####..#
...#........ , ##..###..## *
#.#.#....... ##..#..## ##


You could see a golden dragon (berserk), a storm dragon, a purple draconian, a
red draconian, a yellow draconian stormcaller, a yellow draconian scorcher, a
death drake and a moth of wrath.

Vanquished Creatures
  2 orbs of fire
  An ancient lich (Vaults:5)
  A juggernaut (Depths:5)
  3 golden dragons
  A bone dragon (Depths:5)
  An electric golem (Zot:1)
  5 tentacled monstrosities
  Rupert (D:14)
  4 liches
  3 quicksilver dragons (Vaults:5)
  A titan (Vaults:5)
  2 sphinxes (Vaults:5)
  A tentacled starspawn (Abyss:2)
  3 death cobs
  6 shadow dragons
  5 tengu reavers (Vaults:5)
  7 storm dragons
  7 frost giants
  8 fire giants
  A draconian scorcher (Zot:2)
  7 vault wardens
  11 nagarajas
  2 ghost moths
  2 deep elf sorcerers
  An iron dragon (Vaults:5)
  A draconian shifter (Zot:2)
  Aizul (Snake:3)
  A draconian stormcaller (Depths:5)
  A spriggan defender (Depths:4)
  2 draconian annihilators (Zot:2)
  9 ironheart preservers
  A very ugly thing (Vaults:5)
  2 war gargoyles (Vaults:5)
  6 stone giants
  2 black draconians
  A juggernaut skeleton (Depths:2)
  2 yellow draconians
  A vampire knight (Depths:1)
  A deep elf demonologist (Vaults:1)
  2 entropy weavers
  A red draconian (Zot:2)
  6 purple draconians
  3 green draconians
  A minotaur (Gauntlet)
  3 white draconians (Zot:2)
  7 ettins
  5 merfolk javelineers (Shoals:4)
  A green death (Depths:5)
  2 deep elf death magi
  7 merfolk impalers
  2 fire dragons
  3 great orbs of eyes
  2 deep elf high priests (Vaults:5)
  A small abomination (Vaults:5)
  2 jiangshi (Depths:2)
  8 naga warriors
  6 ice dragons
  25 vault guards
  10 yaktaur captains
  A rakshasa (Vaults:1)
  A catoblepas (Lair:3)
  3 merfolk aquamancers
  2 alligator snapping turtles
  A death knight (Abyss:4)
  3 ogre magi
  4 merfolk avatars
  2 satyrs (Shoals:4)
  3 anacondas
  8 centaur warriors
  A deep troll shaman (Depths:4)
  17 two-headed ogres
  5 deep troll earth magi
  Urug (D:14)
  A vampire mage (Depths:2)
  A thrashing horror (Abyss:4)
  3 death yaks (Lair:4)
  9 naga sharpshooters
  3 deep elf knights
  2 soul eaters
  2 salamander mystics (Snake:3)
  2 wretched stars
  10 hell knights (Depths:4)
  6 skeletal warriors (Vaults:1)
  A spatial maelstrom (Abyss:4)
  3 sixfirhies (Gauntlet)
  8 sea snakes
  13 deep trolls
  A death drake (shapeshifter) (Vaults:5)
  4 glowing orange brains
  4 flayed ghosts
  A shadow demon (Depths:2)
  2 unseen horrors
  3 naga ritualists
  12 harpies
  An infernal demonspawn (Depths:5)
  A wizard (Depths:2)
  2 deep elf archers
  8 necromancers
  3 phantasmal warriors (Vaults:5)
  2 orc knights
  7 cyclopes
  3 mana vipers
  7 ironbrand convokers
  10 deep elf magi
  25 ugly things
  6 salamanders
  A wolf spider (Vaults:1)
  A worldbinder (Abyss:2)
  A toenail golem (Volcano)
  6 manticores
  13 fauns
  6 moths of wrath
  A rust devil (Depths:5)
  3 water nymphs
  A stone giant skeleton (Abyss:2)
  20 guardian serpents
  8 merfolk sirens
  10 naga magi
  9 black mambas
  2 molten gargoyles (Volcano)
  Joseph (D:8)
  5 vault sentinels
  A torpor snail (shapeshifter) (Abyss:4)
  8 spiny frogs
  4 gargoyles
  A torpor snail (Lair:4)
  A smoke demon (Depths:5)
  4 spectral swamp worms (Depths:4)
  An orange demon (Depths:5)
  4 komodo dragons
  2 freezing wraiths
  11 yaktaurs
  An efreet (Volcano)
  A komodo dragon (shapeshifter) (D:14)
  3 kobold demonologists
  2 rime drakes (Lair:2)
  A polar bear (Lair:4)
  A demonic crawler (Abyss:4)
  A tengu conjurer (Depths:4)
  3 ancient zymes (Abyss:4)
  24 merfolk
  3 wind drakes
  2 queen bees (shapeshifter) (Vaults:5)
  A meliai (shapeshifter) (Vaults:5)
  A jumping spider (Vaults:5)
  11 blink frogs
  2 trolls (D:13)
  Grinder (D:4)
  2 hornets
  A wolf spider simulacrum (D:15)
  3 raiju (Abyss:4)
  4 dream sheep (Shoals:4)
  A dream sheep (shapeshifter) (Vaults:5)
  5 snapping turtles
  5 hippogriffs
  26 slime creatures
  A spriggan (shapeshifter) (Depths:5)
  A ynoxinul (Abyss:2)
  2 large abominations
  6 water elementals
  6 redbacks
  A spriggan (D:7)
  4 wraiths
  27 yaks
  3 basilisks
  16 humans (D:14)
  A yak (shapeshifter) (Vaults:1)
  A chaos spawn (Abyss:2)
  2 hungry ghosts
  A fire elemental (Volcano)
  A steam dragon (Shoals:1)
  2 neqoxecs (Abyss:4)
  6 vampire mosquitoes
  2 acid dragons
  7 water moccasins
  11 porcupines
  29 nagas
  9 orc warriors
  4 ice beasts
  4 sky beasts
  A hornet zombie (D:5)
  A floating eye (shapeshifter) (Vaults:5)
  2 phantoms
  3 ettin simulacra (Depths:2)
  A necrophage (D:4)
  5 black bears
  3 wolves (Lair:1)
  13 ogres
  An eye of draining (D:11)
  16 centaurs
  4 boggarts (Depths:4)
  12 crocodiles
  13 bullfrogs
  7 big kobolds
  An ogre simulacrum (Vaults:1)
  6 scorpions
  2 wyvern skeletons
  4 killer bees
  4 wights (D:8)
  6 howler monkeys
  7 crimson imps
  2 centaur zombies
  4 starcursed masses (Abyss:2)
  7 hounds
  3 quasits
  3 bullfrog zombies
  9 orc priests
  3 centaur skeletons
  3 bullfrog skeletons
  4 iguanas
  An iron imp (Abyss:4)
  4 jellies
  13 orc wizards
  7 worker ants
  A hound zombie (D:5)
  Robin (D:4)
  A howler monkey zombie (D:5)
  2 worker ant zombies (D:5)
  A gnoll (D:6)
  13 adders
  A howler monkey skeleton (D:6)
  4 shadow imps
  5 white imps (Depths:5)
  4 ufetubi
  2 worms
  A dart slug (D:1)
  3 leopard geckos
  49 orcs
  2 bats (D:1)
  6 giant cockroaches
  10 goblins
  2 hobgoblins (D:4)
  10 jackals
  2 quokkas
  2 frilled lizards (D:2)
  7 kobolds
  A rat (D:1)
  A demonic plant (Gauntlet)
  3 fungi
  2 starspawn tentacles (Abyss:2)
1120 creatures vanquished.

Vanquished Creatures (collateral kills)
  4 nagarajas (Snake:4)
  5 hydras
  2 naga warriors (Snake:4)
  A naga sharpshooter (Snake:4)
  A naga ritualist (Snake:4)
  2 ugly things (D:15)
  A salamander (Snake:4)
  3 black mambas (Snake:4)
  5 guardian serpents (Snake:4)
  A naga mage (Snake:4)
  A slime creature (D:13)
  A vampire (D:12)
  3 yaks (Lair:1)
  A vampire mosquito (D:15)
  3 nagas (Snake:4)
  An ice beast (D:12)
  A wolf (Lair:1)
36 creatures vanquished.

Vanquished Creatures (others)
  An orb of fire (Zot:4)
  A centaur warrior (D:15)
  A sea snake (Shoals:1)
  A guardian serpent (Snake:3)
  A spectral swamp worm (Depths:4)
  A water elemental (Shoals:1)
  8 demonic plants (Gauntlet)
  5 fungi
  11 plants
  3 starspawn tentacles (Abyss:2)
33 creatures vanquished.

Grand Total: 1189 creatures vanquished

Notes
Turn   | Place    | Note
-------+----------+-------------------------------------------
     0 | D:1      | Flugslaktarn the Deep Dwarf Fighter began the quest for the
                  | Orb.
     0 | D:1      | Reached XP level 1. HP: 20/20 MP: 1/1
   147 | D:1      | Reached XP level 2. HP: 22/27 MP: 2/2
   425 | D:3      | Reached skill level 3 in Fighting
   425 | D:3      | Reached XP level 3. HP: 15/34 MP: 3/3
   442 | D:3      | Reached XP level 4. HP: 42/42 MP: 4/4
   583 | D:4      | Noticed Grinder
   584 | D:4      | Found a burning altar of Makhleb.
   594 | D:4      | Paralysed by Grinder for 6 turns
   608 | D:4      | Reached XP level 5. HP: 37/49 MP: 5/5
   609 | D:4      | Paralysed by Grinder for 6 turns
   633 | D:4      | Killed Grinder
   633 | D:4      | Reached XP level 6. HP: 24/57 MP: 5/5
   645 | D:4      | Became a worshipper of Makhleb the Destroyer
   681 | D:4      | Reached skill level 5 in Axes
   740 | D:4      | Found Egiwnoin's Assorted Antiques.
   748 | D:4      | Reached skill level 1 in Invocations
   755 | D:4      | Bought a scroll labeled DEJ VOIFU MIA for 24 gold pieces
   755 | D:4      | Bought a scroll labeled MILUEB MITTA for 24 gold pieces
   821 | D:4      | Noticed Robin
   838 | D:4      | Killed Robin
   838 | D:4      | Reached skill level 4 in Fighting
   841 | D:4      | Reached XP level 7. HP: 59/64 MP: 4/6
  1034 | D:4      | Reached skill level 5 in Armour
  1034 | D:4      | Reached skill level 5 in Shields
  1126 | D:5      | Entered Level 5 of the Dungeon
  1155 | D:5      | Reached * piety under Makhleb
  1384 | D:5      | Reached XP level 8. HP: 42/73 MP: 8/8
  1389 | D:5      | Found a staircase to the Ecumenical Temple.
  1593 | D:5      | Found Aroanula's Weapon Boutique.
  1636 | D:5      | Found Eneosch's Magic Scroll Emporium.
  1687 | D:5      | Bought a scroll of enchant weapon for 75 gold pieces
  1762 | D:5      | Found an iron altar of Okawaru.
  1773 | D:5      | Found a blossoming altar of Fedhas.
  1774 | D:5      | Found a shimmering blue altar of Sif Muna.
  1775 | D:5      | Found a bloodstained altar of Trog.
  1778 | D:5      | Found a hide-covered altar of Uskayaw.
  1779 | D:5      | Found an ancient bone altar of Kikubaaqudgha.
  1887 | D:6      | Reached ** piety under Makhleb
  1946 | D:6      | Reached skill level 5 in Fighting
  2004 | D:6      | Found a basalt altar of Yredelemnul.
  2368 | D:6      | Reached skill level 5 in Invocations
  2368 | D:6      | Gained mutation: You passively map the area around you.
                  | [Deep Dwarf growth]
  2368 | D:6      | Reached XP level 9. HP: 81/81 MP: 9/9
  2847 | D:7      | Reached *** piety under Makhleb
  3110 | D:7      | Found an ornate altar of the Wu Jian Council.
  3469 | D:8      | Noticed Joseph
  3492 | D:8      | Killed Joseph
  3701 | D:8      | Reached skill level 6 in Fighting
  3706 | D:8      | Paralysed by a hornet for 1 turns
  3716 | D:8      | Paralysed by a hornet for 2 turns
  3751 | D:8      | Reached **** piety under Makhleb
  3751 | D:8      | Reached XP level 10. HP: 68/91 MP: 10/10
  3939 | D:8      | Found the +5 scythe "Finisher" {speed, eviscerate}
  4158 | D:9      | Noticed a two-headed ogre
  4167 | D:9      | Killed a two-headed ogre
  4167 | D:9      | Reached skill level 10 in Axes
  4328 | D:9      | Found a staircase to the Orcish Mines.
  4381 | D:9      | Found a snail-covered altar of Cheibriados.
  4484 | D:9      | Noticed a two-headed ogre
  4506 | D:9      | Killed a two-headed ogre
  4518 | D:9      | Found a staircase to the Lair.
  4523 | D:9      | Reached ***** piety under Makhleb
  4583 | D:9      | Reached XP level 11. HP: 99/99 MP: 13/13
  4646 | D:9      | Reached skill level 7 in Fighting
  4891 | D:9      | Gained mutation: You passively map a large area around you.
                  | [potion of mutation]
  4891 | D:9      | Lost mutation: You passively map a large area around you.
                  | [potion of mutation]
  4891 | D:9      | Gained mutation: You occasionally shout uncontrollably at
                  | your foes. [potion of mutation]
  4891 | D:9      | Gained mutation: You have sharp toenails. [potion of
                  | mutation]
  4892 | D:9      | Lost mutation: You occasionally shout uncontrollably at
                  | your foes. [potion of mutation]
  4892 | D:9      | Lost mutation: You have sharp toenails. [potion of
                  | mutation]
  4892 | D:9      | Gained mutation: You possess an exceptional clarity of
                  | mind. [potion of mutation]
  4892 | D:9      | Gained mutation: You are resistant to hostile enchantments.
                  | (MR+) [potion of mutation]
  4897 | D:10     | Entered Level 10 of the Dungeon
  5297 | D:10     | Noticed a brown ugly thing
  5340 | D:10     | Killed a brown ugly thing
  5361 | D:10     | Identified the Disquisition on the Oath and Calling
  5492 | D:11     | Found a sparkling altar of Nemelex Xobeh.
  5509 | D:11     | Noticed a sun demon
  5562 | D:11     | Noticed a cyan ugly thing
  5583 | D:11     | Killed a cyan ugly thing
  5708 | D:11     | Noticed a five-headed hydra
  5747 | D:11     | Killed a ten-headed hydra
  6015 | D:11     | Noticed a cyan ugly thing
  6029 | D:11     | Killed a cyan ugly thing
  6196 | D:12     | Found a sparkling altar of Nemelex Xobeh.
  6451 | D:12     | Noticed an eight-headed hydra
  6481 | D:12     | HP: 2/100 [15-headed hydra (6)]
  6483 | D:12     | Killed a 15-headed hydra
  6527 | D:12     | Got a brightly glowing lead ring
  6528 | D:12     | Identified the cursed ring of Kealuih {rF- EV-4 Int+4 Dex+9
                  | Stlth+} (You found it on level 12 of the Dungeon)
  6710 | D:12     | Noticed a centaur warrior
  6728 | D:12     | Killed a centaur warrior
  6808 | D:12     | Reached XP level 12. HP: 63/110 MP: 9/9
  6997 | D:13     | Reached skill level 8 in Fighting
  7028 | D:13     | Reached skill level 10 in Invocations
  7144 | D:13     | Found Oklycoj's Distillery.
  7161 | D:13     | Bought a potion of haste for 170 gold pieces
  7161 | D:13     | Bought a potion of cancellation for 136 gold pieces
  7259 | D:13     | Found a gate leading to a gauntlet.
  7286 | Gauntlet | Entered a Gauntlet
  7286 | Gauntlet | Found a transporter.
  7289 | Gauntlet | Found a transporter.
  7291 | Gauntlet | Found a transporter.
  7294 | Gauntlet | Found a transporter.
  7295 | Gauntlet | Found a transporter.
  7301 | Gauntlet | Found a runed translucent gate.
  7302 | Gauntlet | Found a runed translucent gate.
  7303 | Gauntlet | Found a transporter.
  7310 | Gauntlet | Found a transporter.
  7311 | Gauntlet | Found a runed translucent gate.
  7323 | Gauntlet | Found a transporter.
  7331 | Gauntlet | Found a transporter.
  7331 | Gauntlet | Found a transporter.
  7339 | Gauntlet | Found a transporter.
  7428 | Gauntlet | Found a transporter.
  7490 | Gauntlet | Reached skill level 10 in Armour
  7490 | Gauntlet | Reached skill level 10 in Shields
  7573 | Gauntlet | Got a glittering lapis lazuli ring
  7625 | Gauntlet | Identified the ring of Agoutitwi {+Inv rC- Str+2 Slay+2
                  | Stlth-} (You found it in a Gauntlet)
  7641 | Gauntlet | Noticed a minotaur
  7677 | Gauntlet | Killed a minotaur
  7686 | Gauntlet | Identified the Handbook of Supportive Toxins
  7688 | Gauntlet | Identified the Reference Book on Hexes
  7718 | D:13     | Noticed a seven-headed hydra
  7745 | D:13     | Killed a seven-headed hydra
  8170 | D:14     | Noticed a centaur warrior
  8188 | D:14     | Noticed Rupert
  8190 | D:14     | Killed a centaur warrior
  8190 | D:14     | Reached XP level 13. HP: 120/120 MP: 9/9
  8222 | D:14     | Killed Rupert
  8222 | D:14     | Reached skill level 9 in Fighting
  8229 | D:14     | Noticed Urug
  8251 | D:14     | Killed Urug
  8287 | D:14     | Found a gate to the Vaults.
  8620 | D:14     | You fall into a shaft and drop 1 floor!
  8620 | D:15     | Entered Level 15 of the Dungeon
  8904 | D:15     | Reached ****** piety under Makhleb
  9020 | D:15     | Reached skill level 10 in Fighting
  9060 | D:15     | Found a shadowy altar of Dithmenos.
  9339 | D:15     | Got a pair of dazzling boots
  9350 | D:15     | Identified the +2 pair of boots of Batufeg {Regen+ Dex+3}
                  | (You found it on level 15 of the Dungeon)
  9356 | D:15     | Found a staircase to the Depths.
  9520 | Lair:1   | Entered Level 1 of the Lair of Beasts
  9525 | Lair:1   | Gained mutation: You resist negative energy. (rN+) [Deep
                  | Dwarf growth]
  9525 | Lair:1   | Reached XP level 14. HP: 132/132 MP: 11/11
  9658 | Lair:1   | Got a twitching garnet amulet
  9978 | Lair:2   | Found a frozen archway.
 10173 | Lair:2   | Found a dark tunnel.
 10179 | Volcano  | Entered a volcano
 11381 | Lair:3   | Identified a scroll of acquirement
 11381 | Lair:3   | Identified the ring "Xoysiank" {Ice +Blink MP+9 Stlth-}
                  | (You acquired it on level 3 of the Lair of Beasts)
 11708 | Lair:4   | Found a staircase to the Shoals.
 11714 | Lair:4   | Reached skill level 11 in Fighting
 11901 | Lair:4   | Found a staircase to the Snake Pit.
 11960 | Lair:4   | Identified the amulet "Jifi" {RegenMP rC+ Dex-5 Stlth+}
                  | (You found it on level 1 of the Lair of Beasts)
 12037 | Lair:4   | Found a sacrificial altar of Ru.
 12267 | Snake:1  | Entered Level 1 of the Snake Pit
 12406 | Shoals:1 | Entered Level 1 of the Shoals
 12427 | Shoals:1 | Found Meonod's Merry Market.
 12484 | Shoals:1 | Bought a scroll of magic mapping for 59 gold pieces
 12484 | Shoals:1 | Bought a potion of mutation for 136 gold pieces
 12607 | Shoals:1 | Reached XP level 15. HP: 72/142 MP: 12/12
 12766 | Shoals:4 | Entered Level 4 of the Shoals
 12792 | Shoals:4 | Reached skill level 15 in Axes
 12809 | Shoals:4 | Reached skill level 12 in Fighting
 13302 | Shoals:4 | Cast into level 2 of the Abyss (merfolk javelineer)
 13564 | Abyss:2  | Noticed a tentacled starspawn
 13576 | Abyss:2  | Killed a tentacled starspawn
 13604 | Abyss:2  | Found a sacrificial altar of Ru.
 13727 | Abyss:4  | Gained mutation: You are frail. (-10% HP) [a neqoxec]
 13947 | Abyss:4  | Noticed a lich
 13960 | Abyss:4  | Killed a lich
 13962 | Shoals:4 | Escaped the Abyss
 14021 | Shoals:4 | Reached XP level 16. HP: 74/138 MP: 10/10
 14042 | Shoals:4 | Reached skill level 15 in Invocations
 14201 | Shoals:4 | Reached skill level 13 in Fighting
 14344 | Shoals:4 | Found the +8 frozen axe "Frostbite" {freezing cloud, *Noise
                  | +Fly rC+}
 14390 | Shoals:4 | Got a barnacled rune of Zot
 14857 | Snake:3  | Noticed Aizul
 14881 | Snake:3  | Killed Aizul
 14908 | Snake:4  | Entered Level 4 of the Snake Pit
 14929 | Snake:4  | Reached skill level 14 in Fighting
 14930 | Snake:4  | Reached XP level 17. HP: 149/149 MP: 10/10
 15062 | Snake:4  | Got a serpentine rune of Zot
 15341 | Vaults:1 | Entered Level 1 of the Vaults
 15763 | Vaults:1 | Noticed a Hell Sentinel
 15768 | Vaults:1 | Noticed a Brimstone Fiend
 15779 | Vaults:1 | Reached skill level 15 in Armour
 15807 | Vaults:1 | Reached skill level 15 in Shields
 15925 | Vaults:1 | Reached skill level 15 in Fighting
 16067 | Vaults:1 | Gained mutation: You passively map a large area around you.
                  | [Deep Dwarf growth]
 16067 | Vaults:1 | Reached XP level 18. HP: 160/160 MP: 11/11
 16863 | Vaults:5 | Entered Level 5 of the Vaults
 16894 | Vaults:5 | Reached skill level 16 in Fighting
 17014 | Vaults:5 | Noticed a lich
 17027 | Vaults:5 | Killed a lich
 17310 | Vaults:5 | Reached XP level 19. HP: 171/171 MP: 12/12
 17459 | Vaults:5 | Noticed a lich
 17462 | Vaults:5 | Reached skill level 17 in Fighting
 17492 | Vaults:5 | Killed a lich
 17524 | Vaults:5 | HP: 8/173 [fire giant/bolt of fire (22)]
 17747 | Vaults:5 | Identified the amulet "Teanec" {RegenMP Stlth+}
 17893 | Vaults:5 | Noticed an ancient lich
 17920 | Vaults:5 | Killed an ancient lich
 18010 | Vaults:5 | Reached skill level 18 in Fighting
 18252 | Vaults:5 | Got a silver rune of Zot
 18521 | Depths:1 | Entered Level 1 of the Depths
 18626 | Depths:1 | Reached XP level 20. HP: 167/184 MP: 6/6
 18667 | Depths:1 | Found Ogoheub's General Store.
 18673 | Depths:1 | Found Qauracer's Magic Scroll Emporium.
 19178 | Depths:4 | Found a gateway to Hell.
 19261 | Depths:4 | Noticed a juggernaut
 19262 | Depths:4 | Identified the +5 quick blade of the Vine {drain, *Rage
                  | Str+3 Int+4 Dex+2}
 19262 | Depths:4 | Noticed Roveq's ghost (journeyman SpBe)
 19262 | Depths:4 | Identified the cursed +2 rapier of Purpose {vamp, rN+
                  | Dex+5}
 19262 | Depths:4 | Identified the cursed +2 rapier "Concordance" {protect,
                  | *Noise Dex+3}
 19262 | Depths:4 | Noticed a juggernaut
 19263 | Depths:4 | Found a bloodstained altar of Trog.
 19263 | Depths:4 | Found a transporter.
 19269 | Depths:4 | Found a transporter.
 19346 | Depths:4 | Noticed a golden dragon
 19347 | Depths:4 | Noticed a golden dragon
 19363 | Depths:4 | Killed a golden dragon
 19383 | Depths:4 | Killed a golden dragon
 19498 | Depths:4 | Reached skill level 19 in Fighting
 19917 | Depths:5 | Entered Level 5 of the Depths
 19956 | Depths:5 | Found a one-way gate leading to the halls of Pandemonium.
 20013 | Depths:5 | Noticed a juggernaut
 20029 | Depths:5 | Killed a juggernaut
 20106 | Depths:5 | Found a gate to the Realm of Zot.
 20106 | Depths:5 | Noticed a bone dragon
 20128 | Depths:5 | Killed a bone dragon
 20128 | Depths:5 | Reached skill level 1 in Evocations
 20151 | Zot:1    | Entered Level 1 of the Realm of Zot
 20217 | Zot:1    | Noticed an orb of fire
 20230 | Zot:1    | Gained mutation: You are dopey. (Int -2) [an orb of fire]
 20247 | Zot:1    | Gained mutation: Your spells are a little easier to cast,
                  | but a little less powerful. [an orb of fire]
 20257 | Zot:1    | Killed an orb of fire
 20257 | Zot:1    | Reached XP level 21. HP: 122/195 MP: 5/5
 20281 | Zot:1    | Reached skill level 5 in Evocations
 20374 | Zot:2    | Noticed a golden dragon
 20400 | Zot:2    | Killed a golden dragon
 20650 | Zot:2    | Reached skill level 20 in Fighting
 20687 | Zot:2    | You fall into a shaft and drop 2 floors!
 20687 | Zot:4    | Noticed a golden dragon
 20687 | Zot:4    | Noticed an orb of fire
 20698 | Zot:4    | Lost mutation: You possess an exceptional clarity of mind.
                  | [an orb of fire]
 20706 | Zot:4    | Noticed a golden dragon
 20711 | Zot:4    | Noticed an orb of fire
 20715 | Zot:4    | Lost mutation: You are frail. (-10% HP) [potion of
                  | mutation]
 20715 | Zot:4    | Lost mutation: You are dopey. (Int -2) [potion of mutation]
 20715 | Zot:4    | Lost mutation: You are resistant to hostile enchantments.
                  | (MR+) [potion of mutation]
 20715 | Zot:4    | Lost mutation: Your spells are a little easier to cast, but
                  | a little less powerful. [potion of mutation]
 20715 | Zot:4    | Gained mutation: You have sharp toenails. [potion of
                  | mutation]
 20715 | Zot:4    | Gained mutation: Your system is resistant to poisons.
                  | (rPois) [potion of mutation]
 20715 | Zot:4    | Gained mutation: You tend to lose your temper in combat.
                  | [an orb of fire]
 20716 | Zot:4    | Lost mutation: You have sharp toenails. [potion of
                  | mutation]
 20716 | Zot:4    | Gained mutation: You can translocate small distances at
                  | will. [potion of mutation]
 20720 | Zot:4    | Gained mutation: Potions are less effective at restoring
                  | your health. [an orb of fire]
 20737 | Zot:4    | Killed an orb of fire
 20815 | Zot:4    | Gained mutation: You are weak. (Str -2) [an orb of fire]
 20823 | Zot:4    | Gained mutation: You are very weak. (Str -4) [an orb of
                  | fire]
 20824 | Zot:4    | Killed an orb of fire
 20829 | Zot:4    | HP: 6/219 [golden dragon (16)]
 20829 | Zot:4    | Slain by a golden dragon

Levels and vault maps discovered:
D:1:      lemuel_arrival_behind_the_door_small, layout_rooms
D:2:      layout_basic, serial_glass, glass_columns_c, glass_columns_b,
          uniq_sigmund
D:3:      layout_rooms
D:4:      layout_rooms, bloody_makhleb, serial_shops, shop,
          kennysheep_generic_room_9, uniq_grinder, uniq_robin
D:5:      layout_loops_ring, minitemple, minmay_temple_entry_drinking_statues,
          first_ration, serial_shops, shop, nicolae_shop_waterfront
D:6:      minmay_opposing_rooms, layout_loops_ring, kennysheep_mini_moat
D:7:      minmay_evil_eye, layout_loops_ring, kennysheep_little_box, the_bakery
D:8:      layout_cave_pools, minmay_guarded_unrand_finisher, uniq_joseph
D:9:      layout_long_grid, cheibrodos_worm_habitat, minmay_lair_entry_grove,
          orc_0_dummy
D:10:     layout_rooms
D:11:     layout_cave_pools, basic_altar
D:12:     layout_roguey, basic_altar, roderic_serpentine_path
D:13:     layout_small_grid, serial_shops, shop, gauntlet_entry_generic,
          grunt_decor_cap
D:14:     layout_rooms, david_vaults_3
D:15:     grunt_enter_depths_snipers, layout_rooms, chequers_garden,
          nicolae_dithmenos_through_a_glass_darkly
Lair:1:   layout_gridlike, grunt_megastairs_1
Lair:2:   layout_loops_ring, portal_ice_cave_rime, nicolae_volcano_entry_s_turn
Lair:3:   layout_small_grid, minmay_lair_oklob_chamber, serial_bayou_shore_b
Lair:4:   layout_long_grid, minmay_shoals_entry_beasts,
          guppyfry_snake_entry_island, basic_altar, beast_lair_carwin_2,
          grunt_megastairs_3
Shoals:1: layout_shoals, nicolae_shoals_cliffside_cave, nicolae_alphabet_shops,
          nicolae_shoals_siren_and_animal_friends
Shoals:2: layout_shoals
Shoals:3: layout_shoals, lemuel_centaur_altar, uniq_polyphemus
Shoals:4: shoals_end_hangedman, layout_shoals, nicolae_shoals_square_sea_wall
Snake:1:  layout_misc_corridors
Snake:2:  layout_grid_shapes, basic_altar, serial_shops, shop,
          guppyfry_library_mini
Snake:3:  nicolae_aizul_guard, layout_basic
Snake:4:  snake_hunt, layout_cave_shapes, basic_altar, serial_shops,
          shop_fountains, st_stairs_13, uniq_roxanne
Vaults:1: grunt_vaults_swirl, v_rooms_5, vaults_room_grunt_arrival_ludios,
          ontoclasm_vaults_ring_small, serial_ice_h, layout_vaults_quadrants
Vaults:2: hangedman_vaults_corner_blocks, grunt_vaults_funnel,
          nicolae_vaults_network_square, minmay_crypt_entry_vampire_xt,
          vaults_dpeg_spiral, vaults_mumra_bighexcomb,
          nicolae_vaults_shelves_hall, grunt_vaults_twisty,
          nicolae_vaults_little_squares_5, layout_vaults_omnibox
Vaults:3: vaults_mumra_hex, nicolae_vaults_little_squares_1,
          grunt_vaults_hallway_short, vaults_room_fancy_cross, v_pattern_2,
          v_misc_14, v_alt_pattern_2, v_rooms_1, hangedman_vaults_impose,
          st_more_cells, layout_vaults_omnicross
Vaults:4: v_misc_8, grunt_vaults_hallway_short, v_misc_33, v_misc_19, v_misc_18,
          v_misc_27, ontoclasm_vaults_idyll, hangedman_vaults_variations,
          v_misc_2, nicolae_vaults_know_your_exits, v_misc_22,
          nicolae_vaults_yaktaur_gun_rack, ontoclasm_vaults_ligature,
          layout_vaults_ring, serial_shops, shop
Vaults:5: serial_shops
Depths:1: layout_forbidden_donut, rand_demon_pan_entry_7,
          chequers_serial_rivers_small_a, hell_entry, drop_trap,
          minmay_misc_feat_plants, minmay_checkered_concentric_circles,
          minmay_shoptagon
Depths:2: hangedman_elemental_death_ray, layout_cave_shapes,
          kennysheep_nondescript, grunt_mini_vestibule,
          nrook_kobold_shadow_demons
Depths:3: box_level_dp, pan_entry, hell_entry
Depths:4: minmay_outward_triangles, layout_gridlike, abyss_entry_flame_altar,
          pf_hell_entry_tar_river, gammafunk_ghost_wrathful_warriors,
          infiniplex_staircase_hallway_doors, serial_bayou_shore_b
Depths:5: grunt_twist_and_shout, layout_basic, hell_entry,
          grunt_pan_entry_in_and_out, serial_bayou_shore_a
Zot:1:    layout_misc_corridors, grunt_ministairs_13, st_small_dragon_hoard_1,
          st_stairs_8
Zot:2:    evilmike_crystal_ball_defense, layout_gridlike
Zot:4:    regret_index_qazlal_generations, layout_gridlike,
          hangedman_zot_decor_scrapings

Skill      XL: |  1  2  3  4  5  6  7  8  9 10 11 12 13 14 15 16 17 18 19 20 21 |
---------------+----------------------------------------------------------------+-----
Axes           | 3 4 5 6 7 9 11 12 13 14 15 17 18 | 18.0
Fighting       | 3 4 5 6 7 8 10 11 12 14 15 16 18 19 20 | 20.2
Armour         | 4 5 6 7 8 9 10 12 13 14 15 16 17 18 19 | 19.0
Shields        | 4 5 6 7 8 9 10 12 13 14 15 16 17 18 19 | 19.0
Invocations    | 1 3 5 6 8 9 11 12 14 15 | 15.0
Evocations     | 4 5 |  5.0

Action                   |  1- 3 |  4- 6 |  7- 9 | 10-12 | 13-15 | 16-18 | 19-21 || total
-------------------------+-------+-------+-------+-------+-------+-------+-------++-------
Melee: War axe           |    51 |    76 |   549 |       |       |       |       ||   676
       Hand axe          |       |       |    43 |   964 |   556 |       |       ||  1563
       Broad axe         |       |       |       |       |   706 |  1087 |  1118 ||  2911
Invok: Lesser Servant of |       |       |       |    12 |     5 |       |       ||    17
       Greater Servant o |       |       |       |       |       |     3 |       ||     3
 Abil: Heal Wounds       |     2 |     6 |     7 |    31 |    18 |    19 |    44 ||   127
       Evoke Invisibilit |       |       |       |     1 |       |       |       ||     1
Evoke: Wand              |       |       |       |       |       |       |     2 ||     2
  Use: Scroll            |       |     9 |       |    13 |    13 |     4 |    11 ||    50
       Potion            |       |       |       |     2 |       |     7 |    15 ||    24
 Stab: Invisible         |       |       |       |     1 |       |       |     1 ||     2
       Distracted        |       |       |       |       |       |     5 |       ||     5
  Eat: Chunk             |       |       |    11 |    10 |    17 |    10 |    13 ||    61
       Ration            |       |       |       |     2 |     1 |     1 |       ||     4
Armor: Scale mail        |    30 |    40 |   174 |       |       |       |       ||   244
       Plate armour      |       |       |   139 |   545 |   624 |   427 |    79 ||  1814
       Crystal plate arm |       |       |       |       |       |       |   555 ||   555
Dodge: Dodged            |     7 |    27 |   170 |   201 |   227 |   148 |   170 ||   950
       Deflected         |       |       |       |       |       |       |    13 ||    13
Block: Kite shield       |    23 |    37 |   339 |   515 |       |       |       ||   914
       Tower shield      |       |       |       |    42 |  1399 |  1108 |  1184 ||  3733

Table legend:
 A = Non-vault XP
 B = Vault XP
 C = Vault XP percentage of total XP
 D = Non-vault monster count
 E = Vault monster count
 F = Vault count percentage of total count
                 A         B        C        D         E       F
            +---------+---------+-------+---------+---------+-------
      Total |  390259 |  273734 |  41.2 |     806 |     350 |  30.3
            +---------+---------+-------+---------+---------+-------
        D:1 |      15 |       0 |   0.0 |       7 |       0 |   0.0
        D:2 |      19 |       0 |   0.0 |       5 |       0 |   0.0
        D:3 |      97 |       0 |   0.0 |       9 |       0 |   0.0
        D:4 |     429 |     364 |  45.9 |      14 |      14 |  50.0
        D:5 |     808 |       0 |   0.0 |      26 |       0 |   0.0
        D:6 |     634 |     445 |  41.2 |      20 |      10 |  33.3
        D:7 |     513 |     469 |  47.8 |      15 |       3 |  16.7
        D:8 |    1492 |    1077 |  41.9 |      31 |       4 |  11.4
        D:9 |    3219 |    1848 |  36.5 |      28 |      13 |  31.7
       D:10 |    1684 |       0 |   0.0 |      26 |       0 |   0.0
       D:11 |    3365 |       0 |   0.0 |      18 |       0 |   0.0
       D:12 |    6083 |       0 |   0.0 |      26 |       0 |   0.0
       D:13 |    5873 |       0 |   0.0 |      27 |       0 |   0.0
       D:14 |    3327 |    8169 |  71.1 |      15 |      20 |  57.1
       D:15 |   15779 |    2289 |  12.7 |      50 |       3 |   5.7
     Lair:1 |    2461 |    1120 |  31.3 |      13 |       3 |  18.8
     Lair:2 |    4126 |     708 |  14.6 |      18 |       2 |  10.0
     Lair:3 |    5615 |       0 |   0.0 |      24 |       0 |   0.0
     Lair:4 |    4382 |    4444 |  50.4 |      17 |      12 |  41.4
   Shoals:1 |   11334 |    4107 |  26.6 |      23 |       8 |  25.8
   Shoals:3 |    2895 |       0 |   0.0 |       6 |       0 |   0.0
   Shoals:4 |   25231 |   19079 |  43.1 |      49 |      32 |  39.5
    Snake:1 |    4913 |       0 |   0.0 |      13 |       0 |   0.0
    Snake:2 |     937 |       0 |   0.0 |       2 |       0 |   0.0
    Snake:3 |   17966 |    7441 |  29.3 |      38 |       8 |  17.4
    Snake:4 |   10254 |   34172 |  76.9 |      22 |      48 |  68.6
   Vaults:1 |   38990 |    7950 |  16.9 |      57 |      14 |  19.7
   Vaults:2 |    4439 |       0 |   0.0 |      11 |       0 |   0.0
   Vaults:3 |    4187 |    2362 |  36.1 |       7 |       5 |  41.7
   Vaults:4 |    8552 |    4140 |  32.6 |      10 |       7 |  41.2
   Vaults:5 |   26740 |  131376 |  83.1 |      33 |      90 |  73.2
   Depths:1 |    3431 |       0 |   0.0 |       4 |       0 |   0.0
   Depths:2 |   22042 |    5624 |  20.3 |      23 |       9 |  28.1
   Depths:4 |   38307 |   10207 |  21.0 |      41 |       9 |  18.0
   Depths:5 |    9840 |   14691 |  59.9 |       3 |      21 |  87.5
      Zot:1 |   24829 |    3612 |  12.7 |      12 |       2 |  14.3
      Zot:2 |   34571 |       0 |   0.0 |      23 |       0 |   0.0
      Zot:4 |   24387 |       0 |   0.0 |       6 |       0 |   0.0
    Abyss:2 |    5634 |       0 |   0.0 |      13 |       0 |   0.0
    Abyss:3 |     223 |       0 |   0.0 |       1 |       0 |   0.0
    Abyss:4 |   10636 |       0 |   0.0 |      20 |       0 |   0.0
    Volcano |       0 |    1911 | 100.0 |       0 |       5 | 100.0
   Gauntlet |       0 |    6129 | 100.0 |       0 |       8 | 100.0
            +---------+---------+-------+---------+---------+-------
